[ AOE2 MATCH · #477573726 ]
UnrankedSaracens vs Spanish
Player's team · LOSS
[ REPLAY ANALYSIS · EXTRACTED FROM THE RECORDED GAME ]
Feudal
14:19
Castle
18:14
Imperial
41:35
| APM avg | 48.0 |
| APM peak | 99 |
| eAPM avg | 24.1 |
| Villagers / military | 180 / 132 |
Focus
⚔️ 31.7% · 🌾 68.3%
Mameluke ×130 · Trebuchet (Packed) ×2
Feudal
15:45
Castle
19:15
Imperial
47:15
| APM avg | 44.9 |
| APM peak | 93 |
| eAPM avg | 20.6 |
| Villagers / military | 150 / 64 |
Focus
⚔️ 24.7% · 🌾 75.3%
Conquistador ×46 · Spearman ×14 · Mangonel ×3 · Battering Ram ×1
Feudal
14:00
Castle
18:45
Imperial
45:26
| APM avg | 34.6 |
| APM peak | 56 |
| eAPM avg | 18.7 |
| Villagers / military | 128 / 74 |
Focus
⚔️ 31.3% · 🌾 68.7%
Mameluke ×59 · Battering Ram ×11 · Scorpion ×3 · Trebuchet (Packed) ×1
Feudal
12:43
Castle
21:22
Imperial
—
| APM avg | 21.8 |
| APM peak | 55 |
| eAPM avg | 14.7 |
| Villagers / military | 182 / 66 |
Focus
⚔️ 24.0% · 🌾 76.0%
Knight ×44 · Scout Cavalry ×16 · Monk ×3 · Spearman ×3
Feudal
14:50
Castle
18:45
Imperial
36:13
| APM avg | 29.7 |
| APM peak | 51 |
| eAPM avg | 17.8 |
| Villagers / military | 185 / 172 |
Focus
⚔️ 27.5% · 🌾 72.5%
Keshik ×168 · Steppe Lancer ×3 · Scout Cavalry ×1
Feudal
14:46
Castle
—
Imperial
—
| APM avg | 36.8 |
| APM peak | 100 |
| eAPM avg | 17.2 |
| Villagers / military | 108 / 24 |
Focus
⚔️ 18.6% · 🌾 81.4%
Skirmisher ×13 · Spearman ×8 · Militia ×3
Feudal
13:46
Castle
18:03
Imperial
40:10
| APM avg | 23.9 |
| APM peak | 53 |
| eAPM avg | 17.0 |
| Villagers / military | 155 / 191 |
Focus
⚔️ 39.0% · 🌾 61.0%
Archer ×129 · Spearman ×55 · Cavalry Archer ×7
Feudal
14:39
Castle
18:13
Imperial
36:09
| APM avg | 50.9 |
| APM peak | 99 |
| eAPM avg | 28.0 |
| Villagers / military | 186 / 75 |
Focus
⚔️ 31.2% · 🌾 68.8%
Spearman ×42 · Monk ×30 · Trebuchet (Packed) ×3
Match map
Initial resources + every placement click. Lines = walls · curves = elevation contours. ◆ gold · ⬟ stone · ● berries · ✦ relic · ◌ wall gap
Your base· Open — unwalled flank
Chronophage's base· Open — unwalled flank
Professor Christophe's base· Open — unwalled flank
c11|dreckimohr's base· Open — 9t gap
ScORpIoN's base· Open — unwalled flank
General Grrr's base· Open — 7t gap
Injured GG's base· Open — unwalled flank
Artur's base· Open — 10t gap
Smoothed initial terrain · ◌ = detected wall gap · hover for details
Inputs per minute
— vinniegee - - Chronophage
Build order — vinniegee
First 150 of 489 actions detected
| 0:15 | Build | House |
| 0:50 | Build | Town Center |
| 2:55 | Create | Villager (Male) |
| 2:55 | Create | Villager (Male) |
| 2:55 | Create | Villager (Male) |
| 2:55 | Create | Villager (Male) |
| 3:49 | Build | House |
| 4:03 | Create | Villager (Male) |
| 5:04 | Create | Villager (Male) |
| 5:04 | Create | Villager (Male) |
| 5:04 | Create | Villager (Male) |
| 5:26 | Build | House |
| 5:27 | Create | Villager (Male) |
| 5:28 | Create | Villager (Male) |
| 5:32 | Create | Villager (Male) |
| 5:32 | Create | Villager (Male) |
| 5:33 | Create | Villager (Male) |
| 5:33 | Create | Villager (Male) |
| 6:17 | Create | Villager (Male) |
| 6:17 | Create | Villager (Male) |
| 6:17 | Create | Villager (Male) |
| 6:21 | Create | Villager (Male) |
| 6:36 | Build | House |
| 6:53 | Create | Villager (Male) |
| 6:53 | Create | Villager (Male) |
| 7:16 | Create | Villager (Male) |
| 7:16 | Create | Villager (Male) |
| 7:50 | Build | House |
| 8:05 | Create | Villager (Male) |
| 8:06 | Create | Villager (Male) |
| 9:12 | Create | Villager (Male) |
| 10:01 | Create | Villager (Male) |
| 10:01 | Create | Villager (Male) |
| 10:06 | Create | Villager (Male) |
| 10:37 | Create | Villager (Male) |
| 10:46 | Build | Mining Camp |
| 11:02 | Create | Villager (Male) |
| 11:37 | Build | Lumber Camp |
| 12:01 | Research | Feudal Age |
| 12:17 | Build | Mining Camp |
| 13:30 | Create | Villager (Male) |
| 13:35 | Build | House |
| 13:58 | Create | Villager (Male) |
| 14:19 | Age | Feudal Age |
| 14:21 | Build | Blacksmith |
| 14:22 | Build | Stone Wall |
| 14:35 | Build | Mill |
| 14:58 | Build | Market |
| 15:02 | Research | Loom |
| 15:26 | Research | Castle Age |
| 15:26 | Research | Castle Age |
| 15:27 | Research | Double-Bit Axe |
| 15:27 | Research | Double-Bit Axe |
| 15:53 | Research | Horse Collar |
| 16:20 | Build | Farm |
| 16:22 | Build | Farm |
| 16:32 | Build | Farm |
| 17:04 | Build | Farm |
| 17:05 | Build | Farm |
| 17:15 | Create | Villager (Male) |
| 17:17 | Build | House |
| 17:20 | Create | Villager (Male) |
| 17:30 | Build | Farm |
| 17:42 | Research | Scale Barding Armor |
| 18:14 | Age | Castle Age |
| 18:16 | Build | Castle |
| 18:24 | Create | Villager (Male) |
| 18:25 | Create | Villager (Male) |
| 18:52 | Research | Bow Saw |
| 18:52 | Research | Bow Saw |
| 18:52 | Research | Bow Saw |
| 19:03 | Build | Town Center |
| 19:20 | Create | Villager (Male) |
| 19:20 | Create | Villager (Male) |
| 19:23 | Build | Farm |
| 19:29 | Create | Villager (Male) |
| 19:40 | Create | Mameluke |
| 19:40 | Create | Mameluke |
| 19:53 | Build | Farm |
| 19:57 | Create | Villager (Male) |
| 20:05 | Build | Lumber Camp |
| 20:11 | Create | Mameluke |
| 20:11 | Create | Mameluke |
| 20:11 | Create | Mameluke |
| 20:12 | Create | Mameluke |
| 20:19 | Create | Villager (Male) |
| 20:42 | Build | Farm |
| 20:44 | Build | Farm |
| 20:47 | Build | Farm |
| 20:48 | Create | Villager (Male) |
| 20:48 | Create | Villager (Male) |
| 20:58 | Create | Villager (Male) |
| 21:03 | Build | Farm |
| 21:12 | Create | Villager (Male) |
| 21:12 | Create | Mameluke |
| 21:15 | Create | Villager (Male) |
| 21:15 | Create | Villager (Male) |
| 21:26 | Create | Mameluke |
| 21:49 | Create | Mameluke |
| 21:50 | Create | Mameluke |
| 21:57 | Create | Villager (Male) |
| 21:57 | Create | Villager (Male) |
| 21:58 | Create | Villager (Male) |
| 21:58 | Create | Villager (Male) |
| 22:13 | Create | Villager (Male) |
| 22:13 | Create | Villager (Male) |
| 22:13 | Create | Villager (Male) |
| 23:06 | Create | Villager (Male) |
| 23:06 | Create | Villager (Male) |
| 23:06 | Create | Villager (Male) |
| 23:07 | Create | Villager (Male) |
| 23:07 | Create | Villager (Male) |
| 23:14 | Create | Villager (Male) |
| 23:14 | Create | Villager (Male) |
| 23:15 | Create | Villager (Male) |
| 23:16 | Build | Farm |
| 23:16 | Build | Farm |
| 23:16 | Build | Farm |
| 23:16 | Build | Farm |
| 23:17 | Build | Farm |
| 23:17 | Build | Farm |
| 23:17 | Build | Farm |
| 23:17 | Build | Farm |
| 23:29 | Create | Villager (Male) |
| 23:29 | Create | Villager (Male) |
| 23:29 | Create | Villager (Male) |
| 23:41 | Create | Mameluke |
| 23:41 | Create | Mameluke |
| 23:42 | Create | Mameluke |
| 24:02 | Create | Villager (Male) |
| 24:25 | Create | Villager (Male) |
| 24:25 | Create | Villager (Male) |
| 24:32 | Research | Chain Barding Armor |
| 24:32 | Research | Chain Barding Armor |
| 24:52 | Create | Villager (Male) |
| 24:52 | Create | Villager (Male) |
| 24:53 | Create | Villager (Male) |
| 24:54 | Build | Lumber Camp |
| 25:02 | Research | Gold Mining |
| 25:02 | Research | Gold Mining |
| 25:27 | Create | Villager (Male) |
| 25:27 | Create | Villager (Male) |
| 25:35 | Create | Villager (Male) |
| 25:35 | Create | Villager (Male) |
| 25:35 | Create | Villager (Male) |
| 25:45 | Create | Mameluke |
| 25:45 | Create | Mameluke |
| 25:45 | Create | Mameluke |
| 25:51 | Build | Farm |
| 25:57 | Build | Farm |
Build order — Chronophage
First 150 of 382 actions detected
| 0:12 | Build | Town Center |
| 2:01 | Build | House |
| 2:44 | Create | Villager (Male) |
| 2:44 | Create | Villager (Male) |
| 2:45 | Create | Villager (Male) |
| 2:45 | Create | Villager (Male) |
| 4:21 | Create | Villager (Male) |
| 4:33 | Build | House |
| 4:42 | Create | Villager (Male) |
| 5:09 | Create | Villager (Male) |
| 5:26 | Create | Villager (Male) |
| 5:32 | Build | House |
| 5:43 | Create | Villager (Male) |
| 5:54 | Create | Villager (Male) |
| 6:42 | Create | Villager (Male) |
| 6:49 | Create | Villager (Male) |
| 6:55 | Research | Loom |
| 7:28 | Create | Villager (Male) |
| 7:39 | Create | Villager (Male) |
| 8:05 | Build | House |
| 8:18 | Create | Villager (Male) |
| 8:19 | Create | Villager (Male) |
| 8:19 | Create | Villager (Male) |
| 8:32 | Build | House |
| 8:45 | Build | House |
| 8:47 | Build | Palisade Wall |
| 8:51 | Create | Villager (Male) |
| 8:52 | Create | Villager (Male) |
| 8:52 | Create | Villager (Male) |
| 8:56 | Create | Villager (Male) |
| 8:56 | Create | Villager (Male) |
| 9:04 | Build | Palisade Wall |
| 9:06 | Build | Palisade Gate |
| 9:07 | Build | Palisade Wall |
| 9:10 | Build | House |
| 9:11 | Create | Villager (Male) |
| 9:12 | Create | Villager (Male) |
| 9:25 | Create | Villager (Male) |
| 9:40 | Build | Mill |
| 10:02 | Create | Villager (Male) |
| 10:33 | Create | Villager (Male) |
| 10:56 | Build | Mining Camp |
| 11:03 | Build | Mining Camp |
| 11:07 | Build | Mining Camp |
| 11:09 | Create | Villager (Male) |
| 11:09 | Create | Villager (Male) |
| 11:20 | Create | Villager (Male) |
| 11:20 | Create | Villager (Male) |
| 11:54 | Build | House |
| 12:09 | Build | House |
| 12:15 | Create | Villager (Male) |
| 12:16 | Create | Villager (Male) |
| 12:16 | Create | Villager (Male) |
| 12:16 | Create | Villager (Male) |
| 12:17 | Create | Villager (Male) |
| 12:20 | Create | Villager (Male) |
| 12:20 | Create | Villager (Male) |
| 12:24 | Build | Mill |
| 12:54 | Research | Feudal Age |
| 13:22 | Build | Mill |
| 14:15 | Build | Palisade Wall |
| 14:18 | Build | Palisade Wall |
| 14:19 | Build | Palisade Gate |
| 14:26 | Research | Loom |
| 14:32 | Build | House |
| 15:45 | Age | Feudal Age |
| 15:49 | Build | Market |
| 15:55 | Create | Villager (Male) |
| 15:57 | Build | Blacksmith |
| 16:10 | Build | Mill |
| 16:33 | Research | Castle Age |
| 17:04 | Research | Gold Mining |
| 17:38 | Build | Palisade Gate |
| 18:29 | Build | Farm |
| 18:29 | Build | Farm |
| 18:31 | Build | Farm |
| 18:40 | Build | Palisade Wall |
| 18:49 | Build | Palisade Wall |
| 19:15 | Age | Castle Age |
| 19:30 | Build | Mining Camp |
| 19:50 | Build | Castle |
| 19:52 | Create | Villager (Male) |
| 20:03 | Build | Castle |
| 20:05 | Create | Villager (Male) |
| 20:12 | Build | Palisade Wall |
| 20:15 | Build | Palisade Wall |
| 20:16 | Build | Palisade Gate |
| 20:21 | Build | Palisade Wall |
| 20:27 | Create | Villager (Male) |
| 20:41 | Create | Villager (Male) |
| 20:46 | Build | Farm |
| 20:48 | Build | Farm |
| 21:07 | Create | Villager (Male) |
| 21:14 | Build | Farm |
| 21:20 | Build | Farm |
| 21:26 | Build | Farm |
| 21:33 | Create | Conquistador |
| 21:37 | Create | Conquistador |
| 21:43 | Create | Villager (Male) |
| 21:57 | Build | Town Center |
| 22:11 | Create | Conquistador |
| 22:16 | Create | Villager (Male) |
| 22:17 | Create | Conquistador |
| 22:19 | Create | Villager (Male) |
| 22:20 | Create | Villager (Male) |
| 22:35 | Create | Conquistador |
| 22:36 | Create | Villager (Male) |
| 22:38 | Create | Villager (Male) |
| 22:42 | Create | Villager (Male) |
| 22:51 | Build | Farm |
| 22:56 | Build | Farm |
| 23:24 | Build | Siege Workshop |
| 23:49 | Create | Conquistador |
| 23:49 | Create | Villager (Male) |
| 23:54 | Create | Mangonel |
| 24:28 | Create | Villager (Male) |
| 24:29 | Build | Farm |
| 24:33 | Build | Farm |
| 24:46 | Create | Conquistador |
| 24:51 | Create | Villager (Male) |
| 24:51 | Create | Villager (Male) |
| 24:53 | Build | Farm |
| 25:55 | Build | Farm |
| 26:38 | Create | Conquistador |
| 26:39 | Create | Villager (Male) |
| 26:39 | Create | Villager (Male) |
| 26:41 | Build | Farm |
| 26:41 | Build | Farm |
| 27:28 | Create | Conquistador |
| 28:12 | Create | Conquistador |
| 28:13 | Create | Conquistador |
| 28:13 | Create | Villager (Male) |
| 28:13 | Create | Conquistador |
| 28:14 | Create | Villager (Male) |
| 28:14 | Create | Conquistador |
| 28:15 | Create | Villager (Male) |
| 29:28 | Create | Conquistador |
| 29:29 | Create | Villager (Male) |
| 29:29 | Create | Villager (Male) |
| 29:32 | Build | Farm |
| 29:39 | Create | Villager (Male) |
| 29:39 | Create | Villager (Male) |
| 29:46 | Create | Villager (Male) |
| 29:47 | Create | Villager (Male) |
| 29:51 | Build | Town Center |
| 29:57 | Build | House |
| 29:59 | Build | House |
| 30:21 | Build | Town Center |
| 30:23 | Create | Villager (Male) |
| 30:23 | Create | Villager (Male) |
Build order — Professor Christophe
First 150 of 356 actions detected
| 0:15 | Build | Town Center |
| 2:25 | Build | House |
| 2:27 | Research | Loom |
| 2:27 | Research | Loom |
| 2:28 | Create | Villager (Male) |
| 2:28 | Create | Villager (Male) |
| 2:28 | Create | Villager (Male) |
| 2:29 | Create | Villager (Male) |
| 3:48 | Build | House |
| 4:04 | Create | Villager (Male) |
| 4:04 | Create | Villager (Male) |
| 4:32 | Create | Villager (Male) |
| 4:33 | Create | Villager (Male) |
| 5:37 | Build | Palisade Wall |
| 5:38 | Build | Palisade Wall |
| 6:18 | Create | Villager (Male) |
| 6:18 | Create | Villager (Male) |
| 6:19 | Create | Villager (Male) |
| 6:27 | Build | House |
| 6:46 | Build | House |
| 7:09 | Create | Villager (Male) |
| 7:09 | Create | Villager (Male) |
| 7:09 | Create | Villager (Male) |
| 7:49 | Create | Villager (Male) |
| 7:49 | Create | Villager (Male) |
| 8:47 | Build | House |
| 8:51 | Build | House |
| 8:54 | Build | House |
| 9:00 | Create | Villager (Male) |
| 9:00 | Create | Villager (Male) |
| 9:00 | Create | Villager (Male) |
| 9:30 | Create | Villager (Male) |
| 9:31 | Create | Villager (Male) |
| 10:05 | Build | Mill |
| 11:07 | Build | Lumber Camp |
| 11:14 | Create | Villager (Male) |
| 11:50 | Research | Feudal Age |
| 11:50 | Research | Feudal Age |
| 13:53 | Create | Villager (Male) |
| 13:54 | Create | Villager (Male) |
| 13:54 | Create | Villager (Male) |
| 14:00 | Age | Feudal Age |
| 14:29 | Build | Blacksmith |
| 14:33 | Build | Market |
| 15:03 | Create | Villager (Male) |
| 15:16 | Build | Stone Wall |
| 15:22 | Build | Gate |
| 15:31 | Create | Villager (Male) |
| 16:03 | Research | Castle Age |
| 16:42 | Research | Double-Bit Axe |
| 18:05 | Create | Villager (Male) |
| 18:05 | Create | Villager (Male) |
| 18:05 | Create | Villager (Male) |
| 18:06 | Create | Villager (Male) |
| 18:43 | Build | House |
| 18:45 | Age | Castle Age |
| 18:49 | Build | Town Center |
| 19:05 | Build | Castle |
| 19:14 | Build | Farm |
| 19:18 | Build | Farm |
| 19:24 | Build | Farm |
| 20:01 | Build | Farm |
| 20:01 | Build | Farm |
| 20:04 | Create | Villager (Male) |
| 20:21 | Create | Villager (Male) |
| 20:28 | Build | House |
| 20:38 | Create | Villager (Male) |
| 20:38 | Create | Villager (Male) |
| 21:04 | Build | Town Center |
| 21:12 | Create | Villager (Male) |
| 21:12 | Create | Villager (Male) |
| 21:32 | Create | Villager (Male) |
| 21:32 | Create | Villager (Male) |
| 22:12 | Create | Mameluke |
| 22:12 | Create | Mameluke |
| 22:13 | Create | Mameluke |
| 22:13 | Create | Mameluke |
| 22:22 | Build | House |
| 22:26 | Build | House |
| 22:28 | Build | House |
| 22:33 | Create | Villager (Male) |
| 22:33 | Create | Villager (Male) |
| 22:34 | Create | Villager (Male) |
| 22:46 | Build | Farm |
| 22:57 | Build | Farm |
| 23:02 | Create | Mameluke |
| 23:04 | Create | Villager (Male) |
| 23:04 | Create | Villager (Male) |
| 23:05 | Create | Villager (Male) |
| 24:01 | Build | Barracks |
| 24:22 | Create | Mameluke |
| 24:22 | Create | Mameluke |
| 24:23 | Create | Mameluke |
| 24:23 | Create | Mameluke |
| 24:25 | Create | Villager (Male) |
| 24:26 | Create | Villager (Male) |
| 24:27 | Create | Villager (Male) |
| 24:27 | Create | Villager (Male) |
| 24:28 | Create | Villager (Male) |
| 24:38 | Build | Mining Camp |
| 24:45 | Build | Farm |
| 24:45 | Build | Farm |
| 24:45 | Build | Farm |
| 24:45 | Build | Farm |
| 25:16 | Build | Stable |
| 25:50 | Create | Mameluke |
| 25:50 | Create | Mameluke |
| 25:55 | Create | Villager (Male) |
| 25:56 | Create | Villager (Male) |
| 25:56 | Create | Villager (Male) |
| 25:56 | Create | Villager (Male) |
| 25:56 | Create | Villager (Male) |
| 25:57 | Create | Villager (Male) |
| 25:57 | Create | Villager (Male) |
| 26:33 | Research | Husbandry |
| 26:37 | Build | House |
| 26:37 | Build | House |
| 26:37 | Build | House |
| 26:37 | Build | House |
| 26:38 | Build | House |
| 27:17 | Create | Mameluke |
| 27:18 | Create | Mameluke |
| 27:18 | Create | Mameluke |
| 27:25 | Build | Siege Workshop |
| 27:34 | Create | Villager (Male) |
| 27:35 | Create | Villager (Male) |
| 27:35 | Create | Villager (Male) |
| 27:36 | Create | Villager (Male) |
| 27:36 | Create | Villager (Male) |
| 27:46 | Build | House |
| 27:48 | Build | House |
| 28:09 | Create | Mameluke |
| 28:09 | Create | Mameluke |
| 28:21 | Research | Scale Barding Armor |
| 28:29 | Create | Battering Ram |
| 28:29 | Create | Battering Ram |
| 29:12 | Create | Battering Ram |
| 29:12 | Create | Battering Ram |
| 29:16 | Create | Mameluke |
| 29:16 | Create | Mameluke |
| 29:16 | Create | Mameluke |
| 29:23 | Build | Farm |
| 29:23 | Build | Farm |
| 29:24 | Build | Farm |
| 29:24 | Build | Farm |
| 29:43 | Create | Battering Ram |
| 29:52 | Build | Lumber Camp |
| 29:57 | Create | Villager (Male) |
| 29:58 | Create | Villager (Male) |
| 29:58 | Create | Villager (Male) |
Build order — c11|dreckimohr
First 150 of 335 actions detected
| 0:41 | Build | Town Center |
| 2:38 | Create | Villager (Male) |
| 2:39 | Create | Villager (Male) |
| 2:39 | Create | Villager (Male) |
| 2:39 | Create | Villager (Male) |
| 3:21 | Build | Palisade Wall |
| 4:19 | Create | Villager (Male) |
| 4:19 | Create | Villager (Male) |
| 4:19 | Create | Villager (Male) |
| 4:28 | Build | Palisade Wall |
| 4:48 | Build | Palisade Wall |
| 5:00 | Create | Villager (Male) |
| 5:00 | Create | Villager (Male) |
| 5:01 | Create | Villager (Male) |
| 5:01 | Create | Villager (Male) |
| 5:30 | Create | Villager (Male) |
| 5:31 | Create | Villager (Male) |
| 5:31 | Create | Villager (Male) |
| 5:31 | Create | Villager (Male) |
| 5:31 | Create | Villager (Male) |
| 5:39 | Build | Palisade Wall |
| 5:56 | Build | Palisade Wall |
| 6:07 | Create | Villager (Male) |
| 6:07 | Create | Villager (Male) |
| 6:25 | Create | Villager (Male) |
| 6:26 | Create | Villager (Male) |
| 6:47 | Build | Lumber Camp |
| 7:11 | Create | Villager (Male) |
| 7:11 | Create | Villager (Male) |
| 7:11 | Create | Villager (Male) |
| 7:13 | Create | Villager (Male) |
| 7:14 | Create | Villager (Male) |
| 7:14 | Create | Villager (Male) |
| 7:21 | Create | Villager (Male) |
| 7:22 | Create | Villager (Male) |
| 7:22 | Create | Villager (Male) |
| 7:46 | Create | Villager (Male) |
| 7:47 | Create | Villager (Male) |
| 7:47 | Create | Villager (Male) |
| 8:22 | Create | Villager (Male) |
| 8:22 | Create | Villager (Male) |
| 8:22 | Create | Villager (Male) |
| 8:42 | Create | Villager (Male) |
| 8:42 | Create | Villager (Male) |
| 9:03 | Build | Mill |
| 9:08 | Create | Villager (Male) |
| 9:08 | Create | Villager (Male) |
| 9:32 | Create | Villager (Male) |
| 9:32 | Research | Loom |
| 10:33 | Research | Feudal Age |
| 11:34 | Build | Barracks |
| 11:44 | Create | Villager (Male) |
| 11:44 | Create | Villager (Male) |
| 12:43 | Age | Feudal Age |
| 12:46 | Build | Stable |
| 12:53 | Research | Double-Bit Axe |
| 13:21 | Create | Villager (Male) |
| 13:33 | Build | Blacksmith |
| 13:40 | Create | Scout Cavalry |
| 13:41 | Create | Scout Cavalry |
| 13:58 | Build | Mining Camp |
| 14:12 | Create | Scout Cavalry |
| 14:22 | Create | Villager (Male) |
| 14:22 | Create | Villager (Male) |
| 14:22 | Create | Villager (Male) |
| 14:25 | Research | Wheelbarrow |
| 14:37 | Create | Scout Cavalry |
| 14:56 | Build | Farm |
| 14:57 | Build | Farm |
| 14:58 | Build | Farm |
| 15:11 | Research | Horse Collar |
| 15:37 | Build | Farm |
| 15:40 | Build | Farm |
| 15:46 | Build | Farm |
| 15:47 | Build | Farm |
| 15:49 | Build | Farm |
| 16:18 | Create | Villager (Male) |
| 17:30 | Create | Villager (Male) |
| 17:30 | Create | Villager (Male) |
| 18:42 | Research | Castle Age |
| 18:42 | Research | Castle Age |
| 18:42 | Research | Castle Age |
| 18:50 | Build | Stable |
| 19:01 | Build | Farm |
| 19:02 | Build | Farm |
| 19:03 | Build | Farm |
| 19:03 | Build | Farm |
| 19:03 | Build | Farm |
| 19:17 | Create | Scout Cavalry |
| 19:27 | Build | Farm |
| 19:46 | Create | Scout Cavalry |
| 19:57 | Build | Farm |
| 20:06 | Create | Scout Cavalry |
| 20:11 | Create | Scout Cavalry |
| 20:11 | Create | Scout Cavalry |
| 20:16 | Create | Villager (Male) |
| 20:30 | Build | Farm |
| 20:33 | Build | Farm |
| 20:37 | Build | Farm |
| 20:40 | Build | Farm |
| 20:44 | Build | Farm |
| 20:51 | Research | Scale Barding Armor |
| 21:10 | Create | Scout Cavalry |
| 21:21 | Create | Scout Cavalry |
| 21:21 | Create | Scout Cavalry |
| 21:22 | Age | Castle Age |
| 21:58 | Build | Town Center |
| 22:07 | Research | Fletching |
| 22:31 | Create | Villager (Male) |
| 22:42 | Create | Villager (Male) |
| 22:42 | Create | Villager (Male) |
| 23:15 | Build | Monastery |
| 23:28 | Create | Villager (Male) |
| 23:28 | Create | Villager (Male) |
| 23:30 | Create | Knight |
| 23:31 | Create | Knight |
| 23:40 | Create | Villager (Male) |
| 23:40 | Create | Villager (Male) |
| 23:41 | Create | Villager (Male) |
| 24:11 | Create | Knight |
| 24:27 | Create | Villager (Male) |
| 24:30 | Build | Farm |
| 24:54 | Build | Monastery |
| 24:59 | Create | Villager (Male) |
| 24:59 | Create | Villager (Male) |
| 25:01 | Build | Farm |
| 25:02 | Build | Farm |
| 25:02 | Build | Farm |
| 25:02 | Build | Farm |
| 25:02 | Build | Farm |
| 25:03 | Build | Farm |
| 25:03 | Build | Farm |
| 25:30 | Build | Farm |
| 25:37 | Create | Monk |
| 25:41 | Create | Knight |
| 25:42 | Create | Knight |
| 25:47 | Create | Villager (Male) |
| 25:47 | Create | Villager (Male) |
| 26:18 | Create | Villager (Male) |
| 26:18 | Create | Villager (Male) |
| 26:19 | Create | Villager (Male) |
| 26:28 | Build | Town Center |
| 26:33 | Create | Villager (Male) |
| 26:33 | Create | Villager (Male) |
| 26:42 | Create | Villager (Male) |
| 26:42 | Create | Villager (Male) |
| 26:43 | Create | Villager (Male) |
| 26:50 | Create | Villager (Male) |
| 26:50 | Create | Villager (Male) |
| 26:50 | Create | Villager (Male) |
Build order — ScORpIoN
First 150 of 467 actions detected
| 0:16 | Build | Town Center |
| 2:23 | Create | Villager (Male) |
| 2:23 | Create | Villager (Male) |
| 2:31 | Build | House |
| 2:41 | Create | Villager (Male) |
| 2:42 | Create | Villager (Male) |
| 2:42 | Create | Villager (Male) |
| 3:23 | Build | House |
| 4:24 | Build | House |
| 4:33 | Create | Villager (Male) |
| 4:33 | Create | Villager (Male) |
| 4:44 | Build | House |
| 4:49 | Create | Villager (Male) |
| 4:57 | Build | House |
| 5:25 | Create | Villager (Male) |
| 5:37 | Create | Villager (Male) |
| 5:38 | Create | Villager (Male) |
| 5:38 | Create | Villager (Male) |
| 6:16 | Create | Villager (Male) |
| 6:16 | Create | Villager (Male) |
| 6:55 | Create | Villager (Male) |
| 6:55 | Create | Villager (Male) |
| 6:56 | Create | Villager (Male) |
| 7:09 | Build | Mill |
| 7:27 | Build | House |
| 7:29 | Create | Villager (Male) |
| 7:29 | Create | Villager (Male) |
| 7:30 | Create | Villager (Male) |
| 7:30 | Create | Villager (Male) |
| 8:35 | Build | House |
| 8:35 | Create | Villager (Male) |
| 8:36 | Create | Villager (Male) |
| 8:36 | Create | Villager (Male) |
| 8:37 | Create | Villager (Male) |
| 9:18 | Build | Mining Camp |
| 10:29 | Research | Loom |
| 10:32 | Create | Villager (Male) |
| 10:32 | Create | Villager (Male) |
| 10:33 | Create | Villager (Male) |
| 11:06 | Build | House |
| 11:41 | Create | Villager (Male) |
| 11:41 | Create | Villager (Male) |
| 11:42 | Create | Villager (Male) |
| 12:00 | Build | Lumber Camp |
| 12:40 | Research | Feudal Age |
| 13:07 | Build | Barracks |
| 13:11 | Create | Villager (Male) |
| 13:47 | Create | Villager (Male) |
| 14:10 | Build | House |
| 14:50 | Age | Feudal Age |
| 15:02 | Build | Blacksmith |
| 15:07 | Build | Stable |
| 15:08 | Create | Villager (Male) |
| 16:04 | Research | Castle Age |
| 16:07 | Research | Double-Bit Axe |
| 16:08 | Research | Horse Collar |
| 16:08 | Research | Horse Collar |
| 16:08 | Research | Horse Collar |
| 16:16 | Build | House |
| 16:31 | Create | Scout Cavalry |
| 17:24 | Build | Farm |
| 17:27 | Build | Farm |
| 17:29 | Build | Farm |
| 17:32 | Build | Farm |
| 17:36 | Build | Farm |
| 17:39 | Build | Farm |
| 18:08 | Build | Farm |
| 18:10 | Build | Farm |
| 18:15 | Build | Farm |
| 18:18 | Build | Farm |
| 18:23 | Create | Villager (Male) |
| 18:40 | Create | Villager (Male) |
| 18:45 | Age | Castle Age |
| 18:49 | Build | Town Center |
| 18:55 | Build | Town Center |
| 19:10 | Create | Villager (Male) |
| 19:10 | Create | Villager (Male) |
| 19:17 | Create | Villager (Male) |
| 19:26 | Research | Heavy Plow |
| 19:35 | Build | Farm |
| 19:49 | Create | Villager (Male) |
| 20:01 | Create | Villager (Male) |
| 20:02 | Create | Villager (Male) |
| 20:18 | Create | Villager (Male) |
| 20:18 | Create | Villager (Male) |
| 20:26 | Create | Villager (Male) |
| 20:27 | Create | Villager (Male) |
| 20:51 | Create | Villager (Male) |
| 20:51 | Create | Villager (Male) |
| 20:55 | Build | Farm |
| 20:57 | Build | Farm |
| 20:59 | Build | Farm |
| 21:01 | Create | Villager (Male) |
| 21:01 | Create | Villager (Male) |
| 21:11 | Build | House |
| 21:12 | Build | House |
| 21:14 | Create | Villager (Male) |
| 21:14 | Create | Villager (Male) |
| 21:22 | Create | Villager (Male) |
| 21:22 | Create | Villager (Male) |
| 21:29 | Build | Farm |
| 21:31 | Build | Farm |
| 21:41 | Create | Villager (Male) |
| 21:41 | Create | Villager (Male) |
| 21:45 | Build | Farm |
| 21:50 | Build | Farm |
| 21:52 | Create | Villager (Male) |
| 21:52 | Create | Villager (Male) |
| 21:53 | Build | House |
| 21:54 | Build | House |
| 22:09 | Create | Villager (Male) |
| 22:09 | Create | Villager (Male) |
| 22:13 | Create | Villager (Male) |
| 22:13 | Create | Villager (Male) |
| 22:14 | Create | Villager (Male) |
| 22:14 | Create | Villager (Male) |
| 22:18 | Build | Farm |
| 22:22 | Create | Villager (Male) |
| 22:22 | Create | Villager (Male) |
| 22:28 | Build | Farm |
| 22:31 | Build | Farm |
| 22:35 | Create | Villager (Male) |
| 22:35 | Create | Villager (Male) |
| 22:51 | Build | House |
| 22:52 | Build | House |
| 22:55 | Research | Bow Saw |
| 23:11 | Build | Farm |
| 23:25 | Research | Wheelbarrow |
| 23:25 | Research | Wheelbarrow |
| 23:25 | Research | Wheelbarrow |
| 23:27 | Create | Villager (Male) |
| 23:27 | Create | Villager (Male) |
| 23:28 | Create | Villager (Male) |
| 23:28 | Create | Villager (Male) |
| 23:29 | Create | Villager (Male) |
| 23:29 | Create | Villager (Male) |
| 23:45 | Create | Villager (Male) |
| 23:45 | Create | Villager (Male) |
| 23:51 | Build | Lumber Camp |
| 23:58 | Create | Villager (Male) |
| 23:58 | Create | Villager (Male) |
| 24:08 | Build | House |
| 24:09 | Build | House |
| 24:22 | Build | Farm |
| 24:25 | Build | Farm |
| 24:40 | Build | Farm |
| 24:43 | Build | Farm |
| 24:46 | Build | Farm |
| 24:49 | Build | Farm |
| 24:52 | Build | Farm |
Build order — General Grrr
First 150 of 199 actions detected
| 0:26 | Build | Town Center |
| 2:11 | Create | Villager (Male) |
| 2:11 | Create | Villager (Male) |
| 2:12 | Create | Villager (Male) |
| 2:12 | Create | Villager (Male) |
| 2:12 | Create | Villager (Male) |
| 2:17 | Build | House |
| 2:19 | Build | House |
| 3:49 | Create | Villager (Male) |
| 3:49 | Create | Villager (Male) |
| 3:50 | Create | Villager (Male) |
| 3:56 | Create | Villager (Male) |
| 3:56 | Create | Villager (Male) |
| 3:56 | Create | Villager (Male) |
| 4:23 | Create | Villager (Male) |
| 4:24 | Create | Villager (Male) |
| 4:24 | Create | Villager (Male) |
| 5:03 | Build | Mill |
| 5:07 | Create | Villager (Male) |
| 5:07 | Create | Villager (Male) |
| 5:07 | Create | Villager (Male) |
| 6:01 | Create | Villager (Male) |
| 6:01 | Create | Villager (Male) |
| 6:01 | Create | Villager (Male) |
| 6:02 | Create | Villager (Male) |
| 6:02 | Create | Villager (Male) |
| 6:20 | Create | Villager (Male) |
| 6:20 | Create | Villager (Male) |
| 6:33 | Build | House |
| 6:36 | Build | House |
| 7:30 | Create | Villager (Male) |
| 7:30 | Create | Villager (Male) |
| 7:31 | Create | Villager (Male) |
| 7:31 | Create | Villager (Male) |
| 8:05 | Create | Villager (Male) |
| 8:05 | Create | Villager (Male) |
| 8:05 | Create | Villager (Male) |
| 8:06 | Create | Villager (Male) |
| 8:51 | Research | Loom |
| 9:41 | Create | Villager (Male) |
| 9:41 | Create | Villager (Male) |
| 9:41 | Create | Villager (Male) |
| 9:42 | Create | Villager (Male) |
| 9:42 | Create | Villager (Male) |
| 9:42 | Create | Villager (Male) |
| 9:48 | Build | Lumber Camp |
| 10:46 | Build | Mining Camp |
| 10:57 | Create | Villager (Male) |
| 10:58 | Create | Villager (Male) |
| 11:28 | Build | Mill |
| 11:41 | Build | House |
| 12:08 | Build | House |
| 12:09 | Build | House |
| 12:10 | Build | House |
| 12:29 | Create | Villager (Male) |
| 12:33 | Research | Feudal Age |
| 14:04 | Build | Outpost |
| 14:19 | Build | Outpost |
| 14:36 | Build | Barracks |
| 14:46 | Age | Feudal Age |
| 14:53 | Research | Double-Bit Axe |
| 15:15 | Create | Militia |
| 15:16 | Create | Militia |
| 15:16 | Create | Militia |
| 15:24 | Build | House |
| 15:28 | Build | Palisade Wall |
| 15:30 | Build | Palisade Wall |
| 15:36 | Research | Horse Collar |
| 15:56 | Build | Blacksmith |
| 16:13 | Build | Outpost |
| 16:18 | Research | Scale Mail Armor |
| 16:21 | Build | Farm |
| 16:22 | Build | Farm |
| 16:23 | Build | Farm |
| 16:26 | Research | Man-at-Arms (upgrade) |
| 16:37 | Build | Farm |
| 16:41 | Build | Farm |
| 17:17 | Create | Villager (Male) |
| 17:18 | Create | Villager (Male) |
| 17:18 | Create | Villager (Male) |
| 17:21 | Build | Farm |
| 17:29 | Create | Villager (Male) |
| 17:30 | Create | Villager (Male) |
| 17:30 | Create | Villager (Male) |
| 17:38 | Build | Farm |
| 18:19 | Build | Farm |
| 18:20 | Build | Farm |
| 18:21 | Build | Farm |
| 18:23 | Create | Villager (Male) |
| 18:36 | Create | Villager (Male) |
| 18:36 | Create | Villager (Male) |
| 18:36 | Create | Villager (Male) |
| 18:39 | Build | Farm |
| 18:43 | Build | Farm |
| 19:09 | Build | Farm |
| 19:11 | Create | Villager (Male) |
| 19:12 | Create | Villager (Male) |
| 19:12 | Create | Villager (Male) |
| 19:28 | Create | Villager (Male) |
| 19:28 | Create | Villager (Male) |
| 19:28 | Create | Villager (Male) |
| 19:28 | Create | Villager (Male) |
| 19:39 | Create | Villager (Male) |
| 19:39 | Create | Villager (Male) |
| 19:40 | Create | Villager (Male) |
| 19:46 | Create | Villager (Male) |
| 19:47 | Create | Villager (Male) |
| 19:47 | Create | Villager (Male) |
| 19:53 | Build | Market |
| 19:56 | Build | Farm |
| 20:11 | Create | Villager (Male) |
| 20:11 | Create | Villager (Male) |
| 20:14 | Create | Villager (Male) |
| 20:15 | Create | Villager (Male) |
| 20:22 | Build | Farm |
| 20:39 | Build | House |
| 20:40 | Build | House |
| 20:42 | Build | House |
| 20:46 | Build | Palisade Gate |
| 20:47 | Build | House |
| 21:04 | Build | Archery Range |
| 21:27 | Build | Farm |
| 21:32 | Create | Villager (Male) |
| 21:33 | Create | Villager (Male) |
| 21:33 | Create | Villager (Male) |
| 21:45 | Create | Skirmisher |
| 21:45 | Create | Skirmisher |
| 21:45 | Create | Skirmisher |
| 21:46 | Create | Skirmisher |
| 21:59 | Build | Palisade Wall |
| 22:08 | Build | Farm |
| 22:20 | Build | Farm |
| 22:26 | Create | Spearman |
| 22:27 | Create | Spearman |
| 22:27 | Create | Spearman |
| 22:41 | Research | Fletching |
| 23:12 | Create | Skirmisher |
| 23:13 | Create | Skirmisher |
| 23:22 | Create | Spearman |
| 23:22 | Create | Spearman |
| 23:54 | Create | Skirmisher |
| 23:55 | Create | Skirmisher |
| 23:55 | Create | Skirmisher |
| 23:58 | Research | Padded Archer Armor |
| 24:44 | Create | Skirmisher |
| 24:45 | Create | Skirmisher |
| 25:39 | Research | Town Watch |
| 25:52 | Create | Skirmisher |
| 25:53 | Create | Skirmisher |
| 25:55 | Create | Spearman |
Build order — Injured GG
First 150 of 478 actions detected
| 0:34 | Build | Town Center |
| 2:01 | Build | House |
| 2:47 | Create | Villager (Male) |
| 2:47 | Create | Villager (Male) |
| 2:48 | Create | Villager (Male) |
| 2:48 | Create | Villager (Male) |
| 2:48 | Create | Villager (Male) |
| 2:48 | Create | Villager (Male) |
| 2:50 | Build | House |
| 3:08 | Build | House |
| 4:22 | Research | Loom |
| 4:40 | Create | Villager (Male) |
| 4:40 | Create | Villager (Male) |
| 4:41 | Create | Villager (Male) |
| 5:01 | Build | House |
| 5:02 | Create | Villager (Male) |
| 5:02 | Create | Villager (Male) |
| 5:03 | Create | Villager (Male) |
| 5:30 | Create | Villager (Male) |
| 5:30 | Create | Villager (Male) |
| 5:31 | Create | Villager (Male) |
| 5:59 | Create | Villager (Male) |
| 5:59 | Create | Villager (Male) |
| 6:04 | Create | Villager (Male) |
| 6:05 | Create | Villager (Male) |
| 6:53 | Build | House |
| 7:07 | Build | Mill |
| 7:14 | Create | Villager (Male) |
| 7:14 | Create | Villager (Male) |
| 7:14 | Create | Villager (Male) |
| 7:15 | Create | Villager (Male) |
| 7:32 | Create | Villager (Male) |
| 7:32 | Create | Villager (Male) |
| 7:36 | Create | Villager (Male) |
| 7:36 | Create | Villager (Male) |
| 7:37 | Create | Villager (Male) |
| 8:05 | Create | Villager (Male) |
| 8:05 | Create | Villager (Male) |
| 8:05 | Create | Villager (Male) |
| 8:06 | Create | Villager (Male) |
| 8:20 | Build | House |
| 8:33 | Create | Villager (Male) |
| 8:33 | Create | Villager (Male) |
| 8:34 | Create | Villager (Male) |
| 8:48 | Build | House |
| 9:07 | Create | Villager (Male) |
| 9:07 | Create | Villager (Male) |
| 9:07 | Create | Villager (Male) |
| 9:29 | Create | Villager (Male) |
| 9:30 | Create | Villager (Male) |
| 9:30 | Create | Villager (Male) |
| 9:36 | Create | Villager (Male) |
| 9:36 | Create | Villager (Male) |
| 9:37 | Create | Villager (Male) |
| 9:37 | Create | Villager (Male) |
| 9:47 | Build | Mill |
| 10:00 | Build | House |
| 10:08 | Create | Villager (Male) |
| 10:48 | Build | Mining Camp |
| 11:36 | Research | Feudal Age |
| 13:13 | Create | Villager (Male) |
| 13:46 | Age | Feudal Age |
| 13:52 | Build | Market |
| 14:28 | Build | House |
| 14:30 | Build | House |
| 14:45 | Create | Villager (Male) |
| 14:53 | Build | Blacksmith |
| 15:15 | Create | Villager (Male) |
| 15:19 | Research | Castle Age |
| 15:30 | Build | Barracks |
| 16:21 | Build | Archery Range |
| 16:35 | Build | Lumber Camp |
| 16:40 | Research | Horse Collar |
| 16:56 | Build | Farm |
| 17:03 | Build | House |
| 17:09 | Create | Archer |
| 17:09 | Create | Archer |
| 17:24 | Build | Farm |
| 17:44 | Create | Archer |
| 18:03 | Age | Castle Age |
| 18:09 | Create | Cavalry Archer |
| 18:15 | Build | Farm |
| 18:15 | Build | Farm |
| 18:22 | Create | Villager (Male) |
| 18:52 | Create | Villager (Male) |
| 19:06 | Create | Cavalry Archer |
| 19:25 | Create | Villager (Male) |
| 19:30 | Build | House |
| 19:44 | Build | Town Center |
| 19:48 | Create | Cavalry Archer |
| 19:50 | Create | Villager (Male) |
| 19:57 | Build | Farm |
| 20:10 | Research | Fletching |
| 20:11 | Create | Cavalry Archer |
| 20:27 | Create | Villager (Male) |
| 20:30 | Create | Cavalry Archer |
| 21:26 | Create | Villager (Male) |
| 21:31 | Create | Villager (Male) |
| 21:44 | Build | Farm |
| 21:49 | Build | Town Center |
| 22:01 | Create | Villager (Male) |
| 22:01 | Create | Villager (Male) |
| 22:04 | Build | Farm |
| 22:06 | Build | Farm |
| 22:19 | Create | Villager (Male) |
| 22:20 | Create | Villager (Male) |
| 22:27 | Create | Cavalry Archer |
| 22:27 | Create | Cavalry Archer |
| 22:32 | Build | House |
| 22:34 | Build | House |
| 22:56 | Create | Villager (Male) |
| 22:56 | Create | Villager (Male) |
| 23:15 | Create | Villager (Male) |
| 23:16 | Create | Villager (Male) |
| 23:40 | Create | Villager (Male) |
| 23:41 | Create | Villager (Male) |
| 24:12 | Create | Villager (Male) |
| 24:13 | Create | Villager (Male) |
| 24:19 | Build | House |
| 24:35 | Create | Villager (Male) |
| 24:36 | Create | Villager (Male) |
| 24:55 | Build | House |
| 24:56 | Create | Villager (Male) |
| 24:56 | Create | Villager (Male) |
| 25:06 | Create | Villager (Male) |
| 25:11 | Create | Villager (Male) |
| 25:11 | Create | Villager (Male) |
| 25:28 | Build | Siege Workshop |
| 25:40 | Build | Palisade Gate |
| 25:41 | Create | Villager (Male) |
| 25:42 | Create | Villager (Male) |
| 25:50 | Create | Villager (Male) |
| 25:54 | Create | Villager (Male) |
| 26:02 | Build | Lumber Camp |
| 26:05 | Research | Double-Bit Axe |
| 26:38 | Create | Villager (Male) |
| 26:38 | Create | Villager (Male) |
| 26:39 | Create | Villager (Male) |
| 27:04 | Create | Villager (Male) |
| 27:05 | Create | Villager (Male) |
| 27:05 | Create | Villager (Male) |
| 27:20 | Build | House |
| 27:23 | Build | House |
| 27:28 | Build | Archery Range |
| 27:51 | Create | Villager (Male) |
| 27:51 | Create | Villager (Male) |
| 28:04 | Build | Farm |
| 28:04 | Build | Farm |
| 28:04 | Build | Farm |
| 28:09 | Build | Farm |
Build order — Artur
First 150 of 416 actions detected
| 0:34 | Build | Town Center |
| 2:24 | Build | House |
| 2:43 | Create | Villager (Male) |
| 2:43 | Create | Villager (Male) |
| 2:43 | Create | Villager (Male) |
| 2:57 | Create | Villager (Male) |
| 2:58 | Create | Villager (Male) |
| 3:26 | Build | House |
| 3:38 | Research | Loom |
| 3:44 | Build | House |
| 3:49 | Build | House |
| 4:09 | Create | Villager (Male) |
| 4:09 | Create | Villager (Male) |
| 4:10 | Create | Villager (Male) |
| 4:27 | Build | House |
| 4:44 | Build | House |
| 4:50 | Create | Villager (Male) |
| 4:50 | Create | Villager (Male) |
| 4:50 | Create | Villager (Male) |
| 4:56 | Build | House |
| 5:07 | Create | Villager (Male) |
| 5:07 | Create | Villager (Male) |
| 5:07 | Create | Villager (Male) |
| 5:19 | Build | House |
| 5:32 | Build | House |
| 5:38 | Build | House |
| 5:53 | Create | Villager (Male) |
| 5:53 | Create | Villager (Male) |
| 6:03 | Build | Palisade Gate |
| 6:19 | Create | Villager (Male) |
| 6:19 | Create | Villager (Male) |
| 7:01 | Create | Villager (Male) |
| 7:01 | Create | Villager (Male) |
| 7:01 | Create | Villager (Male) |
| 7:26 | Create | Villager (Male) |
| 7:48 | Build | Mill |
| 7:55 | Create | Villager (Male) |
| 7:55 | Create | Villager (Male) |
| 8:18 | Build | House |
| 8:27 | Create | Villager (Male) |
| 8:28 | Build | House |
| 8:42 | Create | Villager (Male) |
| 8:42 | Create | Villager (Male) |
| 8:49 | Build | House |
| 9:02 | Build | House |
| 9:17 | Build | House |
| 9:30 | Build | Mill |
| 9:31 | Create | Villager (Male) |
| 9:31 | Create | Villager (Male) |
| 9:53 | Create | Villager (Male) |
| 9:53 | Create | Villager (Male) |
| 10:20 | Build | House |
| 11:40 | Build | Mining Camp |
| 11:48 | Create | Villager (Male) |
| 12:29 | Research | Feudal Age |
| 12:29 | Research | Feudal Age |
| 12:34 | Build | House |
| 12:49 | Build | House |
| 13:02 | Build | House |
| 13:18 | Build | House |
| 14:34 | Create | Villager (Male) |
| 14:34 | Create | Villager (Male) |
| 14:39 | Age | Feudal Age |
| 14:41 | Build | Lumber Camp |
| 14:44 | Build | Market |
| 14:47 | Build | Blacksmith |
| 15:32 | Build | House |
| 15:33 | Research | Castle Age |
| 15:33 | Research | Castle Age |
| 15:33 | Research | Castle Age |
| 16:02 | Build | Farm |
| 16:05 | Build | Farm |
| 16:07 | Build | Farm |
| 16:16 | Build | Palisade Wall |
| 16:56 | Research | Horse Collar |
| 17:00 | Build | Farm |
| 17:02 | Build | Farm |
| 17:04 | Build | Farm |
| 17:19 | Build | Farm |
| 17:21 | Build | Farm |
| 17:43 | Build | House |
| 17:47 | Build | Palisade Wall |
| 17:48 | Build | Palisade Wall |
| 18:13 | Age | Castle Age |
| 18:20 | Build | Monastery |
| 18:31 | Build | Monastery |
| 18:32 | Create | Villager (Male) |
| 18:40 | Build | House |
| 18:46 | Research | Double-Bit Axe |
| 18:48 | Create | Villager (Male) |
| 18:52 | Build | Palisade Wall |
| 18:54 | Build | Palisade Wall |
| 18:55 | Build | Palisade Wall |
| 18:56 | Build | Palisade Wall |
| 19:04 | Create | Monk |
| 19:12 | Build | Palisade Wall |
| 19:19 | Build | Palisade Wall |
| 19:26 | Create | Monk |
| 19:30 | Build | House |
| 19:48 | Create | Villager (Male) |
| 20:06 | Create | Villager (Male) |
| 20:18 | Create | Villager (Male) |
| 20:22 | Build | Farm |
| 20:23 | Build | Farm |
| 20:47 | Create | Monk |
| 20:50 | Create | Villager (Male) |
| 20:59 | Build | Town Center |
| 21:11 | Create | Villager (Male) |
| 21:25 | Create | Villager (Male) |
| 21:28 | Research | Wheelbarrow |
| 21:54 | Research | Bow Saw |
| 22:11 | Create | Villager (Male) |
| 22:12 | Create | Villager (Male) |
| 22:23 | Build | Farm |
| 22:31 | Create | Monk |
| 22:37 | Create | Villager (Male) |
| 22:37 | Create | Villager (Male) |
| 22:40 | Build | Farm |
| 22:49 | Build | Town Center |
| 22:58 | Create | Villager (Male) |
| 23:01 | Create | Villager (Male) |
| 23:19 | Create | Villager (Male) |
| 23:19 | Create | Villager (Male) |
| 23:19 | Create | Villager (Male) |
| 23:21 | Build | Farm |
| 23:36 | Build | House |
| 23:41 | Create | Villager (Male) |
| 23:59 | Create | Villager (Male) |
| 23:59 | Create | Villager (Male) |
| 24:15 | Build | Town Center |
| 24:22 | Create | Villager (Male) |
| 24:23 | Create | Villager (Male) |
| 24:23 | Create | Villager (Male) |
| 24:23 | Create | Villager (Male) |
| 24:32 | Create | Villager (Male) |
| 24:52 | Create | Villager (Male) |
| 24:52 | Create | Villager (Male) |
| 24:53 | Create | Villager (Male) |
| 24:54 | Create | Monk |
| 25:08 | Create | Villager (Male) |
| 25:10 | Build | House |
| 25:10 | Build | House |
| 25:17 | Create | Villager (Male) |
| 25:30 | Research | Gold Mining |
| 25:38 | Create | Villager (Male) |
| 25:46 | Create | Monk |
| 25:52 | Create | Villager (Male) |
| 25:52 | Create | Villager (Male) |
| 25:52 | Create | Villager (Male) |
| 25:53 | Create | Villager (Male) |
Match timeline
| 3:21 | c11|dreckimohr · wall_segment Palisade Wall x1 |
| 4:28 | c11|dreckimohr · wall_segment Palisade Wall x1 |
| 4:48 | c11|dreckimohr · wall_segment Palisade Wall x1 |
| 5:37 | Professor Christophe · wall_segment Palisade Wall x1 |
| 5:38 | Professor Christophe · wall_segment Palisade Wall x1 |
| 5:39 | c11|dreckimohr · wall_segment Palisade Wall x1 |
| 5:56 | c11|dreckimohr · wall_segment Palisade Wall x1 |
| 8:47 | Chronophage · wall_segment Palisade Wall x1 |
| 9:04 | Chronophage · wall_segment Palisade Wall x6 |
| 9:07 | Chronophage · wall_segment Palisade Wall x1 |
| 11:34 | c11|dreckimohr · first_building Barracks |
| 12:43 | c11|dreckimohr · age_up feudal |
| 12:46 | c11|dreckimohr · first_building Stable |
| 13:07 | ScORpIoN · first_building Barracks |
| 13:46 | Injured GG · age_up feudal |
| 14:00 | Professor Christophe · age_up feudal |
| 14:15 | Chronophage · wall_segment Palisade Wall x10 |
| 14:18 | Chronophage · wall_segment Palisade Wall x13 |
| 14:19 | vinniegee · age_up feudal |
| 14:22 | vinniegee · wall_segment Stone Wall x1 |
| 14:36 | General Grrr · first_building Barracks |
| 14:39 | Artur · age_up feudal |
| 14:46 | General Grrr · age_up feudal |
| 14:50 | ScORpIoN · age_up feudal |
| 15:07 | ScORpIoN · first_building Stable |
| 15:16 | Professor Christophe · wall_segment Stone Wall x9 |
| 15:28 | General Grrr · wall_segment Palisade Wall x1 |
| 15:30 | General Grrr · wall_segment Palisade Wall x1 |
| 15:30 | Injured GG · first_building Barracks |
| 15:36 | Professor Christophe · first_market_sell 100 wood |
| 15:45 | Chronophage · age_up feudal |
| 16:16 | Artur · wall_segment Palisade Wall x8 |
| 16:21 | Injured GG · first_building Archery Range |
| 17:47 | Artur · wall_segment Palisade Wall x1 |
| 17:48 | Artur · wall_segment Palisade Wall x1 |
| 18:03 | Injured GG · age_up castle |
| 18:13 | Artur · age_up castle |
| 18:14 | vinniegee · age_up castle |
| 18:16 | vinniegee · first_building Castle |
| 18:20 | Artur · first_building Monastery |
| 18:40 | Chronophage · wall_segment Palisade Wall x6 |
| 18:45 | Professor Christophe · age_up castle |
| 18:45 | ScORpIoN · age_up castle |
| 18:49 | Chronophage · wall_segment Palisade Wall x9 |
| 18:52 | Artur · wall_segment Palisade Wall x1 |
| 18:54 | Artur · wall_segment Palisade Wall x1 |
| 18:55 | Artur · wall_segment Palisade Wall x1 |
| 18:56 | Artur · wall_segment Palisade Wall x1 |
| 19:05 | Professor Christophe · first_building Castle |
| 19:12 | Artur · wall_segment Palisade Wall x1 |
| 19:15 | Chronophage · age_up castle |
| 19:19 | Artur · wall_segment Palisade Wall x4 |
| 19:50 | Chronophage · first_building Castle |
| 19:53 | Professor Christophe · first_market_buy 100 food |
| 20:10 | vinniegee · first_market_buy 100 food |
| 20:12 | Chronophage · wall_segment Palisade Wall x1 |
| 20:15 | Chronophage · wall_segment Palisade Wall x5 |
| 20:21 | Chronophage · wall_segment Palisade Wall x1 |
| 21:04 | General Grrr · first_building Archery Range |
| 21:07 | Chronophage · first_market_buy 100 wood |
| 21:22 | c11|dreckimohr · age_up castle |
| 21:36 | Injured GG · first_market_buy 100 food |
| 21:59 | General Grrr · wall_segment Palisade Wall x3 |
| 23:15 | c11|dreckimohr · first_building Monastery |
| 23:24 | Chronophage · first_building Siege Workshop |
| 24:01 | Professor Christophe · first_building Barracks |
| 24:09 | vinniegee · first_market_sell 100 wood |
| 24:11 | Artur · first_market_buy 100 stone |
| 24:31 | Injured GG · first_market_sell 100 wood |
| 25:10 | ScORpIoN · first_building Monastery |
| 25:16 | Professor Christophe · first_building Stable |
| 25:28 | Injured GG · first_building Siege Workshop |
| 27:25 | Professor Christophe · first_building Siege Workshop |
| 29:25 | vinniegee · first_building Barracks |
| 30:01 | Artur · first_building Castle |
| 30:14 | ScORpIoN · first_building Castle |
| 30:46 | vinniegee · tribute_sent a jugador 1 |
| 30:46 | vinniegee · tribute_sent a jugador 2 |
| 30:46 | vinniegee · tribute_sent a jugador 4 |
| 30:46 | vinniegee · tribute_sent a jugador 5 |
| 30:46 | vinniegee · tribute_sent a jugador 6 |
| 30:46 | vinniegee · tribute_sent a jugador 7 |
| 30:46 | vinniegee · tribute_sent a jugador 8 |
| 32:23 | vinniegee · first_building Stable |
| 32:31 | Artur · first_market_sell 100 wood |
| 32:35 | Artur · first_building Siege Workshop |
| 33:30 | vinniegee · tribute_sent a jugador 1 |
| 33:30 | vinniegee · tribute_sent a jugador 2 |
| 33:30 | vinniegee · tribute_sent a jugador 4 |
| 33:30 | vinniegee · tribute_sent a jugador 5 |
| 33:30 | vinniegee · tribute_sent a jugador 6 |
| 33:30 | vinniegee · tribute_sent a jugador 7 |
| 33:30 | vinniegee · tribute_sent a jugador 8 |
| 34:41 | Professor Christophe · tribute_sent a jugador 1 |
| 34:41 | Professor Christophe · tribute_sent a jugador 3 |
| 34:41 | Professor Christophe · tribute_sent a jugador 4 |
| 34:41 | Professor Christophe · tribute_sent a jugador 5 |
| 34:41 | Professor Christophe · tribute_sent a jugador 6 |
| 34:41 | Professor Christophe · tribute_sent a jugador 7 |
| 34:41 | Professor Christophe · tribute_sent a jugador 8 |
| 36:09 | Artur · age_up imperial |
| 36:13 | ScORpIoN · age_up imperial |
| 36:17 | Chronophage · first_building Barracks |
| 36:47 | ScORpIoN · wall_segment Stone Wall x1 |
| 37:09 | Injured GG · wall_segment Stone Wall x1 |
| 37:10 | Artur · first_building Barracks |
| 37:11 | Injured GG · wall_segment Stone Wall x1 |
| 37:12 | Injured GG · wall_segment Stone Wall x1 |
| 37:16 | Injured GG · first_building Monastery |
| 39:13 | Injured GG · first_building Castle |
| 39:33 | Chronophage · wall_segment Palisade Wall x5 |
| 39:39 | Chronophage · wall_segment Palisade Wall x1 |
| 39:40 | Chronophage · wall_segment Palisade Wall x1 |
| 40:10 | Injured GG · age_up imperial |
| 40:23 | Professor Christophe · tribute_sent a jugador 1 |
| 40:23 | Professor Christophe · tribute_sent a jugador 3 |
| 40:23 | Professor Christophe · tribute_sent a jugador 4 |
| 40:23 | Professor Christophe · tribute_sent a jugador 5 |
| 40:23 | Professor Christophe · tribute_sent a jugador 6 |
| 40:23 | Professor Christophe · tribute_sent a jugador 7 |
| 40:23 | Professor Christophe · tribute_sent a jugador 8 |
| 41:35 | vinniegee · age_up imperial |
| 42:40 | ScORpIoN · first_market_sell 500 food |
| 42:43 | Professor Christophe · wall_segment Palisade Wall x1 |
| 44:19 | c11|dreckimohr · first_market_sell 100 stone |
| 44:23 | c11|dreckimohr · first_market_buy 100 wood |
| 44:47 | Chronophage · wall_segment Stone Wall x11 |
| 45:26 | Professor Christophe · age_up imperial |
| 45:27 | Professor Christophe · first_building Archery Range |
| 45:34 | Chronophage · first_building Stable |
| 45:52 | vinniegee · first_building Siege Workshop |
| 45:55 | ScORpIoN · tribute_sent a jugador 1 |
| 45:55 | ScORpIoN · tribute_sent a jugador 2 |
| 45:55 | ScORpIoN · tribute_sent a jugador 3 |
| 45:55 | ScORpIoN · tribute_sent a jugador 4 |
| 45:55 | ScORpIoN · tribute_sent a jugador 6 |
| 45:55 | ScORpIoN · tribute_sent a jugador 7 |
| 45:55 | ScORpIoN · tribute_sent a jugador 8 |
| 45:58 | ScORpIoN · wall_segment Stone Wall x2 |
| 46:00 | ScORpIoN · wall_segment Stone Wall x5 |
| 46:55 | ScORpIoN · tribute_sent a jugador 1 |
| 46:55 | ScORpIoN · tribute_sent a jugador 2 |
| 46:55 | ScORpIoN · tribute_sent a jugador 3 |
| 46:55 | ScORpIoN · tribute_sent a jugador 4 |
| 46:55 | ScORpIoN · tribute_sent a jugador 6 |
| 46:55 | ScORpIoN · tribute_sent a jugador 7 |
| 46:55 | ScORpIoN · tribute_sent a jugador 8 |
| 47:04 | Artur · resign |
| 47:15 | Chronophage · age_up imperial |
[ AI ANALYSIS · 1 CREDIT ]
What really happened in this match?
Wolo.gg analyzes every decision: build order, eco, micro, common mistakes by bracket. Personalized analysis on WhatsApp or Discord in 30 seconds.
Civ guide
Saracens
Perfil
Jugador #2477927